 Dungeon Crawl Stone Soup version 0.30-a0-756-gc2185399d4 (webtiles) character file.

Game seed: 9263762541054282204

45 Dirtsage the Slasher (level 3, 0/25 (27) HPs)
             Began as a Merfolk Gladiator on Feb 9, 2023.
             Slain by Terence
             ... wielding a +4 flail of draining
              (10 damage)
             ... on level 2 of the Dungeon.
             The game lasted 00:02:06 (1247 turns).

Dirtsage the Slasher (Merfolk Gladiator)            Turns: 1247, Time: 00:02:06

HP:   0/25 (27)     AC:  0    Str: 14    XL:     3   Next: 64%
MP:   3/3           EV: 16    Int:  7    God:
Gold: 68            SH:  0    Dex: 17    Spells: 2/2 levels left

rFire   . . .      SeeInvis .    (weapon currently unavailable)
rCold   . . .      Faith    .    (shield currently unavailable)
rNeg    . . .      Spirit   .    (body armour currently unavailable)
rPois   .          Reflect  .    (helmet currently unavailable)
rElec   .          Harm     .    (cloak currently unavailable)
rCorr   .          Rampage  .    (gloves currently unavailable)
Will    .....                    (boots currently unavailable)
Stlth   ++                       (no amulet)
HPRegen 0.24/turn                (ring currently unavailable)
MPRegen 0.08/turn                (ring currently unavailable)

@: pig-form, drained, very quick
A: fast, no casting, small, (nimble swimmer 2), (mertail)
a: no special abilities


You were on level 2 of the Dungeon.
You were a filthy swine.
You visited 1 branch of the dungeon, and saw 2 of its levels.

You collected 68 gold pieces.

Inventory:

Hand Weapons
 a - a +0 long sword (melded)
Missiles
 d - 3 throwing nets (quivered)
 e - a javelin
 h - 5 atropa-tipped darts
Armour
 b - a +0 leather armour
 c - a +0 helmet (melded)
 p - a +0 ring mail (melded)
Scrolls
 f - 2 scrolls of noise {unknown}
 j - a scroll of teleportation {unknown}
 k - a scroll of immolation {unknown}
 l - 2 scrolls of butterflies {unknown}
 q - a scroll of enchant weapon {unknown}
 r - a scroll of poison {unknown}
Potions
 g - a potion of lignification {unknown}
 i - a potion of resistance {unknown}
 m - a potion of magic {unknown}
 n - a potion of haste {unknown}
 o - a potion of degeneration {unknown}
 s - a potion of heal wounds {unknown}


   Skills:
 - Level 2.1 Fighting
 * Level 5.5 Long Blades
 - Level 2.0 Throwing
 - Level 4.0 Dodging


You had 2 spell levels left.
You didn't know any spells.
Your spell library contained the following spells:

 Spells                   Type           Power      Damage    Failure   Level
 Blink                    Tloc           0%         N/A       56%         2
 Lesser Beckoning         Tloc           0%         N/A       56%         2
 Momentum Strike          Conj/Tloc      0%         3d8       56%         2
 Malign Gateway           Summ/Tloc      0%         N/A       100%        7
 Summon Horrible Things   Summ           0%         N/A       100%        8


Dungeon Overview and Level Annotations

Branches:
Dungeon (2/15)

Altars:

Annotations:
D:2 Terence


Innate Abilities, Weirdness & Mutations

You are a filthy swine.
You move quickly.
Your equipment is almost entirely melded.
You are incapable of wielding weapons or throwing items.
You cannot cast spells.
((You are very nimble when in or above water. (Stealth+, EV+, Speed+++)))
((Your lower body shifts to a powerful aquatic tail in water.))


Message History

You miss the bat. The bat completely misses you.
The bat hits you but does no damage.
You miss the bat. The bat hits you but does no damage. The bat misses you.
You slash the bat!
You kill the bat!
No target in view!
You see here a bat corpse.
Terence the Incautious comes into view.
He is wielding a +4 flail of draining and carrying a wand of polymorph (8).
Terence shouts!
Throw: 6 darts (atropa)
Press: ? - help, Shift-Dir - straight line, f - Terence
Aim: Terence, wielding a +4 flail of draining, wearing a +0 chain mail and carrying a wand of polymorph (8) (69% to hit, chance to blind on hit: 100%)
You throw an atropa-tipped dart. The atropa-tipped dart hits Terence.
Terence appears confused.
You hit Terence but do no damage.
Terence seems less confused.
Terence completely misses you.
You hit Terence but do no damage.
Terence hits you with a +4 flail of draining!
You feel drained.
You take 10 damage, and have 17/26 hp.
MASSIVE DAMAGE!!
You slash Terence!
Terence is moderately wounded.
Terence zaps a wand.
You turn into a filthy swine.
Your +0 long sword melds into your body.
Your +0 helmet melds into your body.
Your +0 ring mail melds into your body.
You barely miss Terence.
Terence is moderately wounded.
Terence misses you.
You closely miss Terence.
Terence is moderately wounded.
Terence is no longer blind.
Terence completely misses you.
You barely miss Terence.
Terence is moderately wounded.
Terence hits you with a +4 flail of draining.
You feel drained.
You take 8 damage, and have 10/25 hp.
MASSIVE DAMAGE!!
You hit Terence but do no damage.
Terence is moderately wounded.
Terence hits you with a +4 flail of draining!
You die...

#.##..###......#
#.........##.###
####..######.#
#..# #.# #..#
#.# #..# #.# ##
#..### #.# #.
#....# #.# #.
#.##h# #.#######
#. #.##@#
#.......# #. #.
#(# #.......# #.
#. #.#
#.......####. #.
...
#............ #.
.#.
........##### ##
. .
#.......##### ##
.. .............
#############


You could see Terence.

Vanquished Creatures
  A dart slug (D:1)
  A ball python (D:1)
  6 bats
  2 endoplasms (D:1)
  A giant cockroach (D:1)
  6 hobgoblins
  2 quokkas
  3 frilled lizards
  8 goblins
  6 kobolds
  A rat (D:1)
37 creatures vanquished.

Notes
Turn   | Place    | Note
-------+----------+-------------------------------------------
     0 | D:1      | Dirtsage the Merfolk Gladiator began the quest for the Orb.
     0 | D:1      | Reached XP level 1. HP: 16/16 MP: 1/1
    56 | D:1      | Reached skill level 4 in Long Blades
    67 | D:1      | Reached XP level 2. HP: 4/22 MP: 2/2
   357 | D:1      | Reached skill level 5 in Long Blades
   357 | D:1      | Reached XP level 3. HP: 18/27 MP: 3/3
  1238 | D:2      | Noticed Terence
  1247 | D:2      | Slain by Terence

Illustrated notes

Levels and vault maps discovered:
D:1:      tarquinn_simple_flora_water_b, layout_loops_ring, minmay_nonomino_d4
D:2:      layout_loops_ring, uniq_terence

Skill      XL: |  1  2 |
---------------+-------+-----
Long Blades    | 4 5 |  5.5
Fighting       | |  2.1
Throwing       | |  2.0
Dodging        | |  4.0

Action                     || total
---------------------------++-------
  Melee: Long sword        ||   135
         Unarmed           ||     4
  Throw: Dart              ||     1
   Stab: Sleeping          ||     5
 Armour: Leather armour    ||    44
         Ring mail         ||     5
  Dodge: Dodged            ||    95

Table legend: (Time is in decaauts)
 A = Elapsed time spent in this place.
 B = Non-inter-level travel time spent in this place.
 C = Inter-level travel time spent in this place.
 D = Time resting spent in this place.
 E = Time spent auto-exploring this place.
 F = Levels seen in this place.
 G = Mean time per level.
                   A        B        C        D        E       F      G
               +--------+--------+--------+--------+--------+-----+--------+
         Total |   1267 |   1241 |     26 |     17 |    933 |   2 |  633.5 |
       Dungeon |   1267 |   1241 |     26 |     17 |    933 |   2 |  633.5 |
               +--------+--------+--------+--------+--------+-----+--------+

Top non-repeatable levels by time:
     D:1: 864 daAuts
     D:2: 403 daAuts
